 Dungeon Crawl Stone Soup version 0.30.0 (webtiles) character file.

Game seed: 7326707990723803750

86229 Strat the Marksspriggan (level 15, 85/85 HPs)
             Began as a Spriggan Hunter on May 5, 2023.
             Was the Champion of Okawaru.
             Quit the game on level 15 of the Dungeon.
             The game lasted 00:59:03 (22115 turns).

Strat the Marksspriggan (Spriggan Hunter)          Turns: 22115, Time: 00:59:03

Health: 85/85      AC: 10    Str:  7    XL:     15   Next: 40%
Magic:  23/23      EV: 33    Int: 12    God:    Okawaru [******]
Gold:   2477       SH:  0    Dex: 25    Spells: 6/14 levels left

rFire   + . .        a - +3 greatsling "Punk" {acid, rCorr}
rCold   . . .        (no shield)
rNeg    . . .        C - +1 robe of Vines {NoPotionHeal Regen++++}
rPois   +            S - +4 hat "Qyill" {rF+}
rElec   .            J - +2 cloak {rPois}
rCorr   +            (gloves unavailable)
SInv    +            (boots unavailable)
Will    +++..        (no amulet)
Stlth   ++++         i - ring of willpower
HPRegen 3.54/turn    r - +5 ring of evasion
MPRegen 0.18/turn

%: no passive effects
@: very quick
A: very small, no large weapons, unfitting armour, see invisible, speed 3
a: Renounce Religion, Heroism, Finesse, Duel


You were on level 15 of the Dungeon.
You worshipped Okawaru.
Okawaru was exalted by your worship.
You visited 4 branches of the dungeon, and saw 23 of its levels.
You visited 1 bazaar.
You also visited: Gauntlet.

You collected 2604 gold pieces.
You spent 127 gold pieces at shops.

Inventory:

Hand Weapons
 a - the +3 greatsling "Punk" (weapon) {acid, rCorr}
   (You acquired it on level 13 of the Dungeon)

   rCorr:     It protects you from acid and corrosion.
 b - a +3 arbalest of flaming
Missiles
 c - an atropa-tipped dart
 e - 29 poisoned darts
 f - 10 throwing nets
 H - 9 curare-tipped darts
 O - 4 boomerangs of dispersal
Armour
 C - the +1 robe of Vines (worn) {NoPotionHeal Regen++++}
   (You found it on level 10 of the Dungeon)

   NoPotionHeal: Its wearer cannot be healed by potions.
   Regen:     It increases your rate of health regeneration.
 D - the +0 cloak of Osoalishi {rElec rPois Str+2 Int-4}
   (Okawaru gifted it to you on level 15 of the Dungeon)

   Str:       It affects your strength (+2).
   Int:       It affects your intelligence (-4).
   rElec:     It insulates you from electricity.
   rPois:     It protects you from poison.
 J - a +2 cloak of poison resistance (worn)
 S - the +4 hat "Qyill" (worn) {rF+}
   (You found it in a Gauntlet)

   rF:        It protects you from fire.
Jewellery
 h - a ring of positive energy
 i - a ring of willpower (left hand)
 l - a +5 ring of evasion
 q - the ring of Viumixke {Drain MP+9 Str+6 Dex+4}
   (You found it in a Gauntlet)

   [ring of strength]

   Str:       It affects your strength (+6).
   Dex:       It affects your dexterity (+4).
   MP:        It affects your magic capacity (+9).
   Drain:     It drains your maximum health when unequipped.
 r - a +5 ring of evasion (right hand)
 F - a ring of flight
 T - the dreamshard necklace {*Dream Drain}
   (You took it off a minotaur in a Gauntlet)

   [amulet of nothing]

   *Dream:    It shatters if its wearer takes lethal or near-lethal damage,
   preventing the blow and releasing protective dreams that heal and fight for
   the wearer.
   Drain:     It drains your maximum health when unequipped.
Wands
 k - a wand of polymorph (9)
 G - a wand of iceblast (16)
 N - a wand of flame (8)
 V - a wand of quicksilver (7)
Scrolls
 d - 9 scrolls of teleportation
 o - 2 scrolls of fear {unknown}
 x - a scroll of fog
 y - 3 scrolls of immolation
 z - 16 scrolls of identify
 A - a scroll of blinking
 B - 2 scrolls of amnesia
 E - 3 scrolls of enchant weapon
 K - 2 scrolls of poison
 Q - a scroll of brand weapon {unknown}
 R - 2 scrolls of enchant armour {unknown}
 U - 2 scrolls of magic mapping
Potions
 g - 5 potions of flight
 j - 6 potions of curing
 m - a potion of might
 n - a potion of invisibility
 p - 3 potions of ambrosia
 s - 2 potions of degeneration
 t - 4 potions of lignification
 u - 6 potions of haste
 v - 3 potions of heal wounds
 w - 2 potions of brilliance
 I - a potion of mutation
 M - 3 potions of magic {unknown}
 X - 3 potions of cancellation


   Skills:
 + Level 12.7 Fighting
 - Level 18.0 Ranged Weapons
 + Level 10.6 Dodging
 + Level 7.5 Stealth
 - Level 8.0 Hexes
 + Level 8.1 Translocations
 - Level 10.0 Invocations


You had 6 spell levels left.
You knew the following spells:

 Your Spells              Type           Power      Damage    Failure   Level
a - Blink                 Tloc           38%        N/A       1%          2
b - Portal Projectile     Hex/Tloc       38%        N/A       3%          3
c - Inner Flame           Hex/Fire       9%         N/A       19%         3

Your spell library contained the following spells:

 Spells                   Type           Power      Damage    Failure   Level
 Lesser Beckoning         Tloc           38%        N/A       1%          2
 Gell's Gravitas          Tloc           19%        N/A       3%          3
 Teleport Other           Tloc           19%        N/A       3%          3
 Ensorcelled Hibernation  Hex/Ice        18%        N/A       10%         2
 Momentum Strike          Conj/Tloc      18%        3d8       10%         2
 Manifold Assault         Tloc           19%        N/A       12%         4
 Cigotuvi's Dreadful Rot  Necr/Pois/Air  0%         N/A       45%         2
 Static Discharge         Conj/Air       0%         2-2/arc   45%         2
 Sublimation of Blood     Necr           0%         N/A       45%         2
 Anguish                  Hex/Necr       4%         N/A       54%         4
 Leda's Liquefaction      Hex/Erth       4%         N/A       54%         4
 Spider Form              Tmut/Pois      0%         N/A       69%         3
 Stone Arrow              Conj/Erth      0%         3d7       69%         3
 Dispersal                Tloc           9%         N/A       88%         6
 Airstrike                Air            0%         2d(0-16)  97%         4
 Dispel Undead            Necr           0%         3d6       97%         4
 Flame Wave               Conj/Fire      0%         2d4       97%         4
 Petrify                  Tmut/Erth      0%         N/A       97%         4
 Sticky Flame             Conj/Fire      0%         2d3       97%         4
 Blade Hands              Tmut           0%         N/A       100%        5
 Borgnjor's Vile Clutch   Necr/Erth      0%         N/A       100%        5
 Freezing Cloud           Conj/Ice/Air   0%         6-21      100%        5
 Irradiate                Conj/Tmut      0%         3d11      100%        5
 Eringya's Noxious Bog    Tmut/Pois      0%         N/A       100%        6
 Storm Form               Tmut/Air       0%         N/A       100%        7
 Maxwell's Capacitive Co  Air            0%         ∞         100%        8
 Tukima's Dance           Hex            Unusable   N/A       N/A         3
 Call Canine Familiar     Summ           Unusable   N/A       N/A         3
 Summon Forest            Summ/Tloc      Unusable   N/A       N/A         5
 Summon Lightning Spire   Summ/Air       Unusable   N/A       N/A         4
 Death Channel            Necr           Unusable   N/A       N/A         6
 Summon Hydra             Summ           Unusable   N/A       N/A         7

Dungeon Overview and Level Annotations

Branches:
Dungeon (15/15)            Temple (0/1) D:5            Lair (5/5) D:8
 Shoals (0/4) Lair:3        Snake (1/4) Lair:3        Slime (0/5) Lair:5
    Orc (2/2) D:12            Elf (0/3) Orc:2        Vaults (0/5) D:14
 Depths (0/4) D:15        Gauntlet (visited)

Altars:
Ashenzari
Cheibriados
Kikubaaqudgha
Makhleb
Okawaru
Sif Muna
Yredelemnul
The Shining One

Shops:
D:4 [==?(   D:15 :[[   Orc:2 *[=(

Portals:
Trove: D:14 (give +4 demon trident)

Annotations:
D:8 1 runed translucent door, Dumps's ghost, novice MiBe; Gastronok
Lair:4 2 transporters, exclusion: oklob plant, safid's ghost, journeyman MfIE
Lair:5 1 runed translucent door
Orc:1 Donald


Innate Abilities, Weirdness & Mutations

You are very small and have problems with some larger weapons.
You are too small for most types of armour.
You have supernaturally acute eyesight. (SInv)
You cover ground extremely quickly. (Speed+++)


Message History

You shoot a sling bullet.
The sling bullet completely misses the centaur warrior.
The centaur warrior shoots an arrow.
The arrow hits you!
You shoot a sling bullet.
The sling bullet hits the centaur warrior!!
You kill the centaur warrior!
Okawaru accepts your kill.
No target in view!
No target in view!
You see here a +0 shortbow.
The centaur wields a +0 shortbow.
The centaur shoots an arrow.
The arrow completely misses you.
You shoot a sling bullet. The sling bullet hits the centaur!
The centaur is splashed with acid.
The acid corrodes the centaur!
The centaur is heavily wounded.
You shoot a sling bullet. The sling bullet hits the centaur!!
You kill the centaur!
Okawaru accepts your kill.
The centaur shoots an arrow.
The arrow completely misses you.
You shoot a sling bullet. The sling bullet hits the centaur!
The centaur is splashed with acid.
You kill the centaur!
Okawaru accepts your kill.
No target in view!
No target in view!
No target in view!
There is an entrance to Ybijia's Antique Armour Shop here.
Things that are here:
a +0 shortbow; a centaur corpse
B - 2 scrolls of amnesia (gained 1)
You see here a +0 shortbow.
You see here the +0 scale mail "Gaatzi" {Dex+6}.
U - 2 scrolls of magic mapping (gained 1)
You open the door.
There is an open door here.
You see here a +0 vampiric war axe.
Done exploring.
Done exploring.
Unknown command.
Are you sure you want to abandon this character and quit the game? (Confirm with "yes".)

#...(..#########.#
#.###.....# ##...###
###.# #.###.# #.......
##...#######)# #.#.#.#.
#..#.........# #....)..
#.##############.#.#.#.
#............##........
###############..#.#.#.
#..@......##........
#.#######.###.......
#.........# ##.....#
##.#.###### ##...##
#.#.## ##+... #.#..##
#..### #.#.#.## #.####
#.#.#..# #.#...
#.#.#.## #.####


There were no monsters in sight!

Vanquished Creatures
  Rupert (D:14)
  A fire giant (D:15)
  An orc warlord (Orc:2)
  Nessos (D:12)
  A minotaur (Gauntlet)
  2 fire dragons (Lair:5)
  Harold (Lair:2)
  4 hydras
  5 centaur warriors
  2 catoblepae
  A tengu warrior (D:13)
  A boulder beetle (Lair:5)
  6 death yaks
  4 two-headed ogres
  4 orc high priests (Orc:2)
  Urug (D:14)
  Amaemon (Lair:2)
  Sonja (D:12)
  2 skysharks (Lair:5)
  5 skeletal warriors (D:15)
  A swamp dragon (Lair:5)
  A deep troll (D:14)
  An obsidian statue (D:15)
  4 orc knights (Orc:2)
  2 lindwurms (Lair:5)
  A deep elf pyromancer (D:12)
  4 orc sorcerers (Orc:2)
  5 manticores
  7 cyclopes
  6 ugly things
  8 torpor snails
  8 black mambas
  A black mamba (shapeshifter) (D:15)
  2 gargoyles
  A smoke demon (Gauntlet)
  A minotaur zombie (Gauntlet)
  An orange demon (Lair:3)
  A kobold demonologist (D:9)
  9 cane toads
  4 rime drakes
  12 komodo dragons
  Psyche (D:12)
  2 unseen horrors
  3 efreet
  A tengu conjurer (D:13)
  3 tyrant leeches (Lair:5)
  7 hornets (Lair:5)
  A troll (shapeshifter) (D:15)
  9 trolls
  3 polar bears (Lair:3)
  2 raiju (Gauntlet)
  5 dream sheep (Lair:5)
  17 blink frogs
  A snapping turtle (Lair:3)
  7 water elementals (D:14)
  4 wyverns
  3 slime creatures (D:13)
  30 yaks
  15 humans (D:14)
  5 wraiths
  2 basilisks
  5 vampire mosquitoes
  2 steam dragons (Gauntlet)
  2 acid dragons
  12 water moccasins
  3 swamp drakes (Lair:5)
  31 orc warriors
  A black bear (D:8)
  2 ice beasts
  5 wolves (Lair:5)
  4 ogres
  12 centaurs
  A phantom (D:3)
  2 kobold brigands
  3 bullfrogs
  6 scorpions
  2 gnoll sergeants
  3 wights (D:10)
  14 killer bees
  3 electric eels (D:14)
  6 howler monkeys
  2 crimson imps (Gauntlet)
  5 hounds
  19 orc priests
  A gnoll bouda (Orc:2)
  3 jellies
  3 iron imps (D:3)
  6 iguanas
  27 orc wizards
  5 hell rats (Lair:3)
  2 lightning spires (Gauntlet)
  10 adders
  18 gnolls
  A shadow imp (D:6)
  2 ufetubi (D:4)
  3 worms
  A dart slug (D:4)
  79 orcs
  4 endoplasms
  3 giant cockroaches
  3 goblins
  5 hobgoblins
  3 jackals (D:3)
  9 kobolds
  7 quokkas
  9 ball pythons
  2 bats
  A frilled lizard (D:3)
  9 rats
607 creatures vanquished.

Vanquished Creatures (others)
  16 fungi
  101 plants
  2 withered plants (D:8)
119 creatures vanquished.

Grand Total: 726 creatures vanquished

Notes
Turn   | Place    | Note
-------+----------+-------------------------------------------
     0 | D:1      | Strat the Spriggan Hunter began the quest for the Orb.
     0 | D:1      | Reached XP level 1. HP: 10/10 MP: 2/2
   222 | D:1      | Reached XP level 2. HP: 15/15 MP: 3/3
   689 | D:2      | Reached XP level 3. HP: 18/18 MP: 4/4
  1177 | D:2      | Found an ancient bone altar of Kikubaaqudgha.
  1357 | D:3      | Reached skill level 5 in Ranged Weapons
  1357 | D:3      | Reached XP level 4. HP: 19/23 MP: 5/5
  1469 | D:3      | Found a burning altar of Makhleb.
  1485 | D:3      | Reached XP level 5. HP: 27/27 MP: 6/6
  1691 | D:3      | Noticed a phantom
  1821 | D:3      | Killed a phantom
  1822 | D:3      | Reached XP level 6. HP: 25/32 MP: 7/7
  1904 | D:3      | Reached skill level 6 in Ranged Weapons
  1956 | D:4      | Found Siotzuef's Armour Shop.
  1956 | D:4      | Found Wajes's Jewellery Shop.
  2019 | D:4      | Found Owurphuo's Magic Scroll Boutique.
  2039 | D:4      | Reached skill level 5 in Stealth
  2044 | D:4      | Bought a scroll of identify for 22 gold pieces
  2437 | D:4      | Found Mati's Jewellery Boutique.
  2498 | D:4      | Found Nuoheoff's Antique Weapon Boutique.
  2606 | D:4      | Reached XP level 7. HP: 36/36 MP: 8/8
  2823 | D:5      | Entered Level 5 of the Dungeon
  3005 | D:5      | Identified the +2 helmet "Uxzuufus" {rPois}
  3039 | D:5      | Reached skill level 7 in Ranged Weapons
  3226 | D:5      | Found an iron altar of Okawaru.
  3226 | D:5      | Found a shimmering blue altar of Sif Muna.
  3234 | D:5      | Found a faded altar of an unknown god.
  3236 | D:5      | Found a basalt altar of Yredelemnul.
  3237 | D:5      | Found a faded altar of an unknown god.
  3247 | D:5      | Became a worshipper of Warmaster Okawaru
  3503 | D:5      | Found a staircase to the Ecumenical Temple.
  3893 | D:6      | Learned a level 2 spell: Blink
  3897 | D:6      | Learned a level 3 spell: Portal Projectile
  4012 | D:6      | Reached XP level 8. HP: 42/42 MP: 9/9
  4013 | D:6      | Reached * piety under Okawaru
  4014 | D:6      | Reached skill level 1 in Translocations
  4339 | D:7      | Identified the +2 war axe of Fixation {distort, rC+}
  4364 | D:7      | Reached skill level 8 in Ranged Weapons
  4453 | D:7      | Reached skill level 5 in Dodging
  4696 | D:7      | Reached ** piety under Okawaru
  4996 | D:7      | Reached skill level 5 in Fighting
  5366 | D:8      | Found a staircase to the Lair.
  5367 | D:8      | Noticed a komodo dragon
  5369 | D:8      | Noticed Gastronok
  5579 | D:8      | Reached XP level 9. HP: 47/47 MP: 10/10
  5591 | D:8      | Reached skill level 9 in Ranged Weapons
  5647 | D:8      | Found a runed translucent door.
  5648 | D:8      | Noticed Dumps's ghost (novice MiBe)
  5861 | D:8      | Killed a komodo dragon
  5862 | D:8      | Reached skill level 5 in Translocations
  6076 | D:8      | Reached *** piety under Okawaru
  6163 | D:8      | Noticed a two-headed ogre
  6223 | D:8      | Killed a two-headed ogre
  6223 | D:8      | Reached **** piety under Okawaru
  6224 | D:8      | Reached skill level 10 in Ranged Weapons
  6570 | D:9      | Noticed a kobold demonologist
  6572 | D:9      | Noticed a kobold demonologist
  6574 | D:8      | Noticed a sixfirhy
  7089 | D:9      | Reached XP level 10. HP: 53/53 MP: 11/11
  7114 | D:9      | Reached skill level 1 in Hexes
  7293 | D:9      | Noticed an orange demon
  7307 | D:9      | Reached ***** piety under Okawaru
  7416 | D:9      | Reached skill level 10 in Dodging
  7599 | D:10     | Entered Level 10 of the Dungeon
  8300 | D:10     | Noticed a four-headed hydra
  8695 | D:10     | Noticed a manticore
  8708 | D:10     | Killed a manticore
  8709 | D:10     | Reached skill level 11 in Ranged Weapons
  8740 | D:10     | Found the +1 robe of Vines {NoPotionHeal Regen++++}
  9065 | D:10     | Received a gift from Okawaru
  9300 | D:11     | Noticed a manticore
  9529 | D:11     | Noticed a two-headed ogre
  9561 | D:11     | Killed a two-headed ogre
  9562 | D:11     | Reached XP level 11. HP: 59/59 MP: 12/12
  9925 | D:11     | Noticed a two-headed ogre
  9948 | D:11     | Killed a two-headed ogre
  9981 | D:11     | Reached skill level 12 in Ranged Weapons
 10166 | D:12     | Noticed a deep elf pyromancer
 10169 | D:12     | Killed a deep elf pyromancer
 10169 | D:12     | Noticed a green ugly thing
 10244 | D:11     | Killed a green ugly thing
 10382 | D:12     | Noticed Psyche
 10426 | D:12     | Killed Psyche
 10464 | D:12     | Noticed Sonja
 10468 | D:12     | Killed Sonja
 10501 | D:12     | Noticed Nessos
 10673 | Lair:1   | Entered Level 1 of the Lair of Beasts
 10684 | Lair:1   | Received a gift from Okawaru
 10949 | Lair:1   | Reached skill level 13 in Ranged Weapons
 10998 | Lair:1   | Noticed a catoblepas
 11041 | Lair:1   | Killed a catoblepas
 11041 | Lair:1   | Reached ****** piety under Okawaru
 11041 | Lair:1   | Identified the +11 sling of the Imbibing Seer {freeze, rC+
                  | Will+ Str-2} (Okawaru gifted it to you on level 1 of the
                  | Lair of Beasts)
 11041 | Lair:1   | Received a gift from Okawaru
 11463 | Lair:2   | Reached XP level 12. HP: 67/67 MP: 13/13
 11473 | Lair:2   | Found a snail-covered altar of Cheibriados.
 11523 | Lair:2   | Noticed Harold
 11628 | Lair:2   | Noticed a death yak
 11667 | Lair:2   | Noticed a death yak
 11668 | Lair:2   | Noticed a death yak
 11692 | Lair:2   | Killed a death yak
 11693 | Lair:2   | Reached skill level 10 in Fighting
 11746 | Lair:2   | Killed a death yak
 11872 | Lair:2   | Killed Harold
 11927 | Lair:2   | Noticed a four-headed hydra
 11976 | Lair:2   | Killed a death yak
 11986 | Lair:2   | Identified the +0 robe of Zeozoll {Fly Will++ rCorr Int-3}
                  | (Okawaru gifted it to you on level 2 of the Lair of Beasts)
 11986 | Lair:2   | Received a gift from Okawaru
 12075 | Lair:2   | Killed a four-headed hydra
 12076 | Lair:2   | Reached skill level 14 in Ranged Weapons
 12400 | Lair:3   | Noticed Amaemon
 12463 | Lair:2   | Killed Amaemon
 12698 | Lair:3   | Found a staircase to the Shoals.
 12850 | Lair:3   | Found a staircase to the Snake Pit.
 13205 | Lair:3   | Noticed a death yak
 13235 | Lair:3   | Killed a death yak
 13238 | Lair:3   | Noticed a death yak
 13249 | Lair:3   | Noticed a death yak
 13257 | Lair:3   | Killed a death yak
 13258 | Lair:3   | Reached skill level 15 in Ranged Weapons
 13279 | Lair:3   | Killed a death yak
 13560 | Lair:3   | Reached XP level 13. HP: 74/74 MP: 14/14
 13585 | Lair:3   | Received a gift from Okawaru
 13805 | Snake:1  | Entered Level 1 of the Snake Pit
 14111 | Lair:4   | Found a transporter.
 14119 | Lair:4   | Found a transporter.
 14226 | Lair:4   | Noticed safid's ghost (journeyman MfIE)
 14451 | Lair:5   | Entered Level 5 of the Lair of Beasts
 14817 | Lair:5   | Received a gift from Okawaru
 14832 | Lair:5   | Reached skill level 16 in Ranged Weapons
 14869 | Lair:5   | Learned a level 3 spell: Inner Flame
 14968 | Lair:5   | Reached skill level 1 in Invocations
 15061 | Lair:5   | Found a runed translucent door.
 15061 | Lair:5   | Noticed a fire dragon
 15262 | Lair:5   | Received a gift from Okawaru
 15355 | Lair:5   | Noticed a fire dragon
 15397 | Lair:5   | Killed a fire dragon
 15604 | Lair:5   | Reached skill level 5 in Hexes
 15680 | Lair:5   | Found a runed translucent door.
 15710 | Lair:5   | Noticed an acid blob
 15711 | Lair:5   | Found a staircase to the Slime Pits.
 15974 | Lair:5   | Reached XP level 14. HP: 81/81 MP: 18/18
 16068 | Lair:5   | Paralysed by a hornet for 2 turns
 16484 | D:12     | Killed Nessos
 16591 | D:12     | Found a staircase to the Orcish Mines.
 16696 | D:12     | Reached skill level 5 in Invocations
 16748 | D:12     | Identified the +1 robe "Jaqin" {Drain Regen+ Int+6 Stlth+}
 16871 | Orc:1    | Entered Level 1 of the Orcish Mines
 17026 | Orc:2    | Entered Level 2 of the Orcish Mines
 17043 | Orc:2    | Noticed Donald
 17329 | Orc:2    | Found a staircase to the Elven Halls.
 17488 | Orc:2    | Reached skill level 17 in Ranged Weapons
 17566 | Orc:2    | Identified the +2 animal skin of Qabref {rPois rF+ Int+3}
                  | (Okawaru gifted it to you on level 2 of the Orcish Mines)
 17566 | Orc:2    | Received a gift from Okawaru
 17617 | Orc:2    | Noticed an orc warlord
 17673 | Orc:2    | Killed an orc warlord
 18014 | Orc:2    | Found Nebeicigg's Antique Armour Shop.
 18015 | Orc:2    | Found Gekap's Antique Weapon Boutique.
 18017 | Orc:2    | Found Padieb's General Store.
 18017 | Orc:2    | Found Upsas's Jewellery Shop.
 18220 | D:13     | Found a glowing golden altar of the Shining One.
 18523 | D:13     | Identified the staff of death "Puffap" {rN+ rCorr Str-3
                  | Dex+2}
 19039 | D:13     | Identified a scroll of acquirement
 19039 | D:13     | Acquired the +3 greatsling "Punk" {acid, rCorr}
 19039 | D:13     | Found the +3 greatsling "Punk" {acid, rCorr}
 19061 | D:14     | Noticed Rupert
 19061 | D:14     | Noticed Urug
 19061 | D:14     | Found a gate to the Vaults.
 19270 | D:14     | Found a portal to a secret trove of treasure.
 19887 | D:14     | Received a gift from Okawaru
 19905 | D:14     | Killed Rupert
 19906 | D:14     | Reached XP level 15. HP: 85/85 MP: 22/22
 19925 | D:14     | Reached skill level 18 in Ranged Weapons
 19940 | D:14     | Killed Urug
 20004 | D:14     | Identified the +4 sling of the Enormous God {heavy, *Slow
                  | Str+3 Int+3}
 20316 | D:15     | Entered Level 15 of the Dungeon
 20318 | D:15     | Found a gate leading to a gauntlet.
 20338 | Gauntlet | Entered a Gauntlet
 20338 | Gauntlet | Found a transporter.
 20345 | Gauntlet | Found a transporter.
 20347 | Gauntlet | Found a transporter.
 20358 | Gauntlet | Found a transporter.
 20361 | Gauntlet | Found a transporter.
 20371 | Gauntlet | Found a transporter.
 20387 | Gauntlet | Found a transporter.
 20485 | Gauntlet | Found a transporter.
 20495 | Gauntlet | Identified the ring of Viumixke {Drain MP+9 Str+6 Dex+4}
 20522 | Gauntlet | Identified the +4 hat "Qyill" {rF+}
 20592 | Gauntlet | Identified the staff of air "Axirosi" {rElec rF++ rN+ Int+2
                  | Dex-3}
 20593 | Gauntlet | Got the Vellum of Damaging Profane Deeds
 20748 | D:15     | Reached skill level 10 in Invocations
 20846 | D:15     | Found a staircase to the Depths.
 20846 | D:15     | Noticed a fire giant
 20860 | D:15     | Killed a fire giant
 21034 | D:15     | Found Bonue's Book Boutique.
 21051 | D:15     | Identified the +0 cloak of Osoalishi {rElec rPois Str+2
                  | Int-4} (Okawaru gifted it to you on level 15 of the
                  | Dungeon)
 21051 | D:15     | Received a gift from Okawaru
 21198 | D:15     | Found a gateway to a bazaar.
 21208 | Bazaar   | Entered a bazaar
 21208 | Bazaar   | Found Roulop's Antique Weapon Shop.
 21208 | Bazaar   | Found Weiclaffeg's Antique Armour Shop.
 21250 | Bazaar   | Found Zuneat's General Store.
 21258 | Bazaar   | Bought a scroll of enchant weapon for 105 gold pieces
 21436 | D:15     | Found Uceshiyr's Armour Shop.
 21558 | D:15     | Found a broken altar of Ashenzari.
 21792 | D:15     | Found Ybijia's Antique Armour Shop.
 21894 | D:15     | Identified the +0 scale mail "Gaatzi" {Dex+6}
 22115 | D:15     | Quit the game

Illustrated notes

Levels and vault maps discovered:
D:1:      heliophobic_arrival_battle_scene, layout_loops_ring,
          minmay_statues_item, st_stairs_4
D:2:      layout_basic, basic_altar
D:3:      layout_rooms, demons_altar, kennysheep_generic_room_8
D:4:      layout_cave_pools, serial_shops, shop, shop, nicolae_shop_tiny_glass,
          shop, shop, kennysheep_generic_room_3
D:5:      layout_loops_ring, chequers_temple_overflow_minitemple,
          minmay_temple_entry_trees
D:6:      layout_rooms, minivault_22
D:7:      layout_rooms
D:8:      layout_basic, david_lair_shrubbed, gammafunk_ghost_grave,
          uniq_gastronok
D:9:      layout_basic, minmay_splitting_lines
D:10:     layout_layer_cave, hellmonk_guarded_unrand_vines
D:11:     layout_loops_ring
D:12:     layout_roguey, hiddenorc1_lemuel, uniq_nessos, uniq_sonja, uniq_psyche
D:13:     layout_irregular_city, tso_metal_star
D:14:     layout_long_grid, david_vaults_3, serial_bayou, serial_bayou_shore_a,
          serial_bayou_shore_b, serial_bayou_crossing, serial_bayou_pond_e,
          serial_bayou_lake_a, serial_bayou_pond_b,
          nicolae_trove_entry_free_sample
D:15:     grunt_enter_depths_giant_problem, layout_loops_corners,
          evilmike_ruin_ashenzari, serial_shops, statue_bzr, shop, shop, shop,
          gauntlet_entry_generic, serial_co_window_serial, co_window_paths_a,
          co_window_of_opportunity_a, co_window_paths_a, co_window_corner_a,
          co_window_of_opportunity_a, co_window_paths_b, co_window_paths_b,
          co_window_unsneaky_path_a, co_window_cross_3, co_window_2corner,
          co_window_corner_ca, co_window_of_opportunity_b, co_window_paths_c,
          co_window_paths_e, glass_columns_a, glass_columns_b, glass_columns_b,
          glass_columns_a, glass_columns_b
Lair:1:   layout_roguey
Lair:2:   layout_chaotic_city, enter_volcano_2, kennysheep_snail_temple,
          uniq_harold
Lair:3:   layout_cave_pods, minmay_shoals_entry_hut,
          minmay_snake_entry_six_corridors, uniq_amaemon
Lair:4:   layout_cave_shapes, nzn_ghost_randoct, infiniplex_staircase_pool
Lair:5:   wormcave, layout_regular_city, guppyfry_lair_end_dragon,
          slime_entry_2, nzn_sisyphean_effort, lemuel_fruit_fields,
          grunt_megastairs_5
Snake:1:  layout_gridlike
Orc:1:    layout_caves, biasface_ghost_orc_armoury, statue_in_the_mist_lemuel,
          uniq_urug
Orc:2:    st_orc_congregation, layout_diamond_mine, uniq_donald

Skill      XL: |  1  2  3  4  5  6  7  8  9 10 11 12 13 14 15 |
---------------+----------------------------------------------+-----
Stealth        | 2 3 4 5 6 7 |  7.5
Fighting       | 2 3 4 5 6 7 9 11 12 | 12.7
Ranged Weapons | 5 6 7 8 10 11 13 15 16 17 18 | 18.0
Dodging        | 4 6 9 10 | 10.6
Translocations | 4 5 7 8 |  8.1
Hexes          | 2 5 8 |  8.0
Invocations    | 4 8 10 | 10.0

Action                     |  1- 3 |  4- 6 |  7- 9 | 10-12 | 13-15 || total
---------------------------+-------+-------+-------+-------+-------++-------
   Fire: Shortbow          |    76 |   159 |   364 |       |       ||   599
         Arbalest          |       |       |    46 |   652 |   766 ||  1464
         Sling             |       |       |       |    27 |       ||    27
         Greatsling        |       |       |       |       |   357 ||   357
   Cast: Portal Projectile |       |       |       |       |     1 ||     1
 Invoke: Heroism           |       |       |       |       |     2 ||     2
  Evoke: Wand              |       |       |       |     5 |     3 ||     8
    Use: Scroll            |       |     7 |    15 |     2 |     4 ||    28
         Potion            |       |       |     4 |     6 |     5 ||    15
 Armour: Robe              |     1 |     2 |     3 |    12 |    13 ||    31
  Dodge: Dodged            |     9 |    45 |   251 |   284 |   391 ||   980
